 Dungeon Crawl Stone Soup version 0.25.1-2-g60ff931df9 (webtiles) character file.

Game seed: 9832910208036523271

123 protoss039 the Magician (level 4, -4/24 HPs)
             Began as a Deep Elf Earth Elementalist on Aug 9, 2020.
             Was an Initiate of Sif Muna.
             Blown up by Ijyb (28 damage)
             ... with a disintegration bolt
             ... on level 3 of the Dungeon.
             The game lasted 00:04:00 (2761 turns).

protoss039 the Magician (DEEE)                      Turns: 2761, Time: 00:04:01

Health: -4/24      AC:  2    Str:  5    XL:     4   Next: 80%
Magic:  9/12       EV: 13    Int: 21    God:    Sif Muna [......]
Gold:   120        SH:  0    Dex: 15    Spells: 2/12 levels left

rFire    . . .     SeeInvis .   k - +3 dagger
rCold    . . .     Gourm    .   (no shield)
rNeg     . . .     Faith    .   c - +0 robe
rPois    .         Spirit   .   (no helmet)
rElec    .         Reflect  .   (no cloak)
rCorr    .         Harm     .   (no gloves)
MR       .....                  (no boots)
Stlth    +++.......             (no amulet)
HPRegen  0.08/turn              l - ring of stealth
MPRegen  0.13/turn              (no ring)

@: no status effects
A: no striking features
a: Renounce Religion


You were on level 3 of the Dungeon.
You worshipped Sif Muna.
Sif Muna was noncommittal.
You were not hungry.

You visited 1 branch of the dungeon, and saw 3 of its levels.

You collected 120 gold pieces.

Inventory:

Hand Weapons
 k - a +3 dagger (weapon)
Missiles
 b - 98 stones (quivered)
Armour
 c - a +0 robe (worn)
Jewellery
 l - a ring of stealth (left hand)
 o - an uncursed amulet of the acrobat {unknown}
Scrolls
 a - a scroll of blinking {unknown}
 e - a scroll of immolation {unknown}
 j - 4 scrolls of remove curse {unknown}
 m - 2 scrolls of magic mapping {unknown}
 n - a scroll of fog {unknown}
 q - a scroll of enchant weapon {unknown}
 r - a scroll of random uselessness {unknown}
 s - a scroll of teleportation {unknown}
 t - a scroll of identify {unknown}
Potions
 g - a potion of might {unknown}
 h - 2 potions of heal wounds {unknown}
 i - a potion of curing {unknown}
 p - a potion of cancellation {unknown}
Comestibles
 d - 9 rations


   Skills:
 * Level 0.1 Fighting
 - Level 3.0 Dodging
 - Level 3.0 Stealth
 + Level 4.8 Spellcasting
 - Level 1.1 Transmutations
 + Level 4.6 Earth Magic
 * Level 0.2 Invocations


You had 2 spell levels left.
You knew the following spells:

 Your Spells              Type           Power        Failure   Level  Hunger
a - Sandblast             Erth           ###...       1%          1    None
b - Passwall              Tmut/Erth      ###.....     4%          2    None
c - Stone Arrow           Conj/Erth      ##....       13%         3    ##.....
d - Petrify               Tmut/Erth      ###.....     32%         4    ####...

Your spell library contained the following spells:

 Spells                   Type           Power        Failure   Level  Hunger
 Magic Dart               Conj           #...         11%         1    None
 Blink                    Tloc           N/A          17%         2    None
 Call Imp                 Summ           #.......     17%         2    None
 Slow                     Hex            #.......     17%         2    None
 Conjure Flame            Conj/Fire      #.......     32%         3    ##.....
 Mephitic Cloud           Conj/Pois/Air  #.......     32%         3    ##.....
 Lee's Rapid Deconstruct  Erth           ###.......   41%         5    #####..


Dungeon Overview and Level Annotations

Branches:
Dungeon (3/15)

Altars:
Gozag
Sif Muna
Uskayaw
The Shining One

Annotations:
D:3 Ijyb


Message History

Ijyb shouts!
Unknown command.
Casting: Sandblast (safe; 1% risk of failure)
Confirm with . or Enter, or press ? or * to list all spells.
The spell is quite dangerous to cast (13% risk of failure)!
Continue anyway?
Okay, then.
Press: ? - help, v - describe, . - travel
Here: Ijyb, wearing a +0 scale mail and carrying a wand of disintegration (15)
The floor.
Casting: Stone Arrow (quite dangerous; 13% risk of failure)
Confirm with . or Enter, or press ? or * to list all spells.
The spell is quite dangerous to cast (13% risk of failure)!
Continue anyway?
Aiming: Stone Arrow (quite dangerous; 13% risk of failure)
Press: ? - help, Shift-Dir - straight line, f - Ijyb
Aim: Ijyb, wearing a +0 scale mail and carrying a wand of disintegration (15)
The stone arrow hits Ijyb!
Ijyb is moderately wounded.
Ijyb zaps a wand.
You are blasted!
Ouch! That really hurt!
You die...

##.#......#.#...#≈≈#...#.#..#
#.#........#.⌠.#≈≈#.⌠.#.##.#
#.#........#...#≈≈#...#.##.#####
#.#.........###≈..≈###..##......
#.#......#..............###.....
#.#.......##............# #.....
..#........#.###.......## #.....
###......#...###.###...####.....
...##.###..g.@..##......#.....
#..####.........#)....
#..####....#..........
#.....................
#<..######......÷..... #....##
##.......)÷.... #....#
#........)..... ......#
#.<............ ####...#
#..............


You could see Ijyb.

Vanquished Creatures
  6 adders (D:2)
  2 dart slugs
  A leopard gecko (D:1)
  An orc (D:3)
  A ball python (D:2)
  8 bats
  4 giant cockroaches
  11 goblins
  3 hobgoblins
  6 jackals
  A quokka (D:3)
  5 frilled lizards
  9 kobolds
  5 rats
63 creatures vanquished.

Notes
Turn   | Place    | Note
-------+----------+-------------------------------------------
     0 | D:1      | protoss039 the Deep Elf Earth Elementalist began the quest
                  | for the Orb.
     0 | D:1      | Reached XP level 1. HP: 10/10 MP: 6/6
   404 | D:1      | Reached XP level 2. HP: 12/15 MP: 8/8
   977 | D:1      | Reached XP level 3. HP: 19/19 MP: 7/9
  1692 | D:2      | Found a glowing golden altar of the Shining One.
  1907 | D:2      | Reached XP level 4. HP: 17/24 MP: 10/12
  2065 | D:2      | Found an opulent altar of Gozag.
  2075 | D:2      | Found a hide-covered altar of Uskayaw.
  2076 | D:2      | Found a shimmering blue altar of Sif Muna.
  2102 | D:2      | Became a worshipper of Sif Muna the Loreminder
  2176 | D:2      | Learned a level 2 spell: Passwall
  2180 | D:2      | Learned a level 3 spell: Stone Arrow
  2230 | D:2      | You fall into a shaft and drop 1 floor!
  2236 | D:3      | Noticed Ijyb
  2321 | D:2      | Learned a level 4 spell: Petrify
  2342 | D:2      | You fall into a shaft and drop 1 floor!
  2761 | D:3      | Blown up by Ijyb

Illustrated notes

Levels and vault maps discovered:
D:1:      dpeg_chamrin_arrival_tetris, layout_rooms, minmay_misc_feat_columns
D:2:      layout_loops_corners, grunt_temple_overflow_open,
          lemuel_crystal_altar, first_ration, feat_on_display, uniq_natasha
D:3:      minmay_roachtagon, layout_rooms, fountainhead, minivault_5, uniq_ijyb

Skill      XL: |  1  2  3 |
---------------+----------+-----
Earth Magic    | 4 |  4.6
Stealth        | 3 |  3.0
Dodging        | 3 |  3.0
Spellcasting   | 4 |  4.8
Fighting       | |  0.1
Transmutations | |  1.1
Invocations    | |  0.2

Action                   |  1- 3 |  4- 6 || total
-------------------------+-------+-------++-------
Melee: Mace              |     8 |       ||     8
       Dagger            |    38 |    24 ||    62
 Cast: Sandblast         |    29 |    15 ||    44
       Stone Arrow       |       |     5 ||     5
 Stab: Sleeping          |     5 |     3 ||     8
       Distracted        |     1 |     1 ||     2
  Eat: Chunk             |     3 |     3 ||     6
Armor: Robe              |    12 |     3 ||    15
Dodge: Dodged            |    66 |    18 ||    84
